[Event "Titled Tuesday Blitz March 01 Early 2022"]
[White "Chigaev, Maksim"]
[Black "Marson, Juan Miguel"]
[WhiteFideId "4108116"]
[BlackFideId "106585"]
[WhiteElo "2502"]
[BlackElo "2053"]
[Result "1-0"]
[Round "01"]
[TimeControl "180+1"]
[Date "2022.03.01"]
[WhiteClock "0:01:24"]
[BlackClock "0:00:58"]

1. d4 Nf6 2. Nf3 g6 3. g3 Bg7 4. Bg2 O-O 5. O-O d6 6. b3 Nc6 7. Bb2 e5 8. dxe5 Ng4 9. Qc1 Ngxe5 10. Nxe5 Nxe5 11. c4 Rb8 12. Rd1 Qe7 13. Nc3 Be6 14. Qd2 h5 15. h4 Ng4 16. Ne4 Bd7 17. Bxg7 Kxg7 18. c5 Bb5 19. cxd6 cxd6 20. Nxd6 Qxe2 21. Qd4+ Kg8 22. Rd2 1-0


[Site "https://www.chess.com"]

[Event "Titled Tuesday Blitz March 01 Early 2022"]
[White "Costachi, Mihnea"]
[Black "Iljin, Timofey"]
[WhiteFideId "1217518"]
[BlackFideId "14110180"]
[WhiteElo "2464"]
[BlackElo "2396"]
[Result "0-1"]
[Round "01"]
[TimeControl "180+1"]
[Date "2022.03.01"]
[WhiteClock "0:01:15"]
[BlackClock "0:00:50"]

1. Nf3 f5 2. d4 Nf6 3. g3 g6 4. Bg2 Bg7 5. b3 O-O 6. Bb2 d6 7. O-O Qe8 8. c4 Nc6 9. d5 Nb8 10. Nc3 a5 11. Nd4 Na6 12. Ncb5 Bd7 13. Qd2 c5 14. dxc6 bxc6 15. Nc3 Nc5 16. Rfd1 e5 17. Nf3 Nce4 18. Nxe4 Nxe4 19. Qc2 Be6 20. Nd2 Nc5 21. Nf1 Rd8 22. Qd2 a4 23. b4 Ne4 24. Qc2 d5 25. f3 Nd6 26. c5 Nc4 27. Bc1 a3 28. Rb1 f4 29. g4 h5 30. h3 hxg4 31. hxg4 g5 32. Rb3 Bf7 33. Rc3 Bg6 34. Qb3 e4 35. Rxc4 dxc4 36. Qxc4+ Bf7 37. Rxd8 Qxd8 38. Qxe4 Qd4+ 39. e3 Qxe4 40. fxe4 Bb2 41. Bd2 Bxa2 42. exf4 Bc4 43. Ne3 a2 44. Nxc4 a1=Q+ 45. Kf2 Bd4+ 46. Ke2 Qg1 47. Kd3 Qxg2 48. Kxd4 gxf4 49. Ne3 fxe3 0-1


[Site "https://www.chess.com"]

[Event "Titled Tuesday Blitz March 01 Early 2022"]
[White "Cruz Ravina, Francisco Javier"]
[Black "Gaehwiler, Gabriel"]
[WhiteFideId "2228939"]
[BlackFideId "1314530"]
[WhiteElo "2408"]
[BlackElo "2383"]
[Result "1-0"]
[Round "01"]
[TimeControl "180+1"]
[Date "2022.03.01"]
[WhiteClock "0:00:05"]
[BlackClock "0:00:27"]

1. Nf3 Nf6 2. g3 b6 3. Bg2 Bb7 4. O-O g6 5. d4 Bg7 6. c4 O-O 7. Nc3 Ne4 8. Qc2 Nxc3 9. Qxc3 c5 10. Qd3 cxd4 11. Nxd4 Bxg2 12. Kxg2 d5 13. cxd5 Qxd5+ 14. Qf3 Qxf3+ 15. Nxf3 Nc6 16. Rb1 Rac8 17. Bd2 Rfd8 18. Rfc1 Kf8 19. Be1 Ke8 20. b3 Nb8 21. Rxc8 Rxc8 22. Bd2 Na6 23. Rc1 Rxc1 24. Bxc1 Nb4 25. a3 Nc6 26. Bd2 Bf6 27. Kf1 Kd7 28. e4 Bb2 29. a4 f6 30. Ke2 Bd4 31. Be1 Bc5 32. Kd3 e6 33. Ng1 Ne5+ 34. Ke2 Nc6 35. Kd3 f5 36. Nf3 Be7 37. Bd2 Bf6 38. Bf4 Bg7 39. h3 Na5 40. Nd2 Bf8 41. Be5 Nc6 42. Bc3 Bc5 43. f3 Bd6 44. g4 Bf4 45. Nc4 Bg3 46. Ne3 fxg4 47. Nxg4 h5 48. Ne3 Bf4 49. Nc4 Ke7 50. Nd2 Kd7 51. Nc4 Bc7 52. b4 Nd8 53. b5 Nf7 54. Ke3 Ke8 55. f4 Bd6 56. Bf6 Bc5+ 57. Kf3 Kd7 58. Ne5+ Ke8 59. Nxf7 Kxf7 60. Be5 Bb4 61. Bb8 Ba5 62. Bxa7 Kf6 63. Bb8 g5 64. Be5+ Kg6 65. fxg5 Kxg5 66. Bg3 Kf6 67. Bf2 Ke5 68. Be3 Kf6 69. Bd4+ Kg5 70. Be5 Bb4 71. Bd4 Ba5 72. Be3+ Kf6 73. Bf4 Bb4 74. Ke2 e5 75. Be3 Ba5 76. Bd2 1-0


[Site "https://www.chess.com"]

[Event "Titled Tuesday Blitz March 01 Early 2022"]
[White "Cruz, William Ferreira Da"]
[Black "Mirzoev, Azer"]
[WhiteFideId "2118050"]
[BlackFideId "13400304"]
[WhiteElo "2223"]
[BlackElo "2525"]
[Result "0-1"]
[Round "01"]
[TimeControl "180+1"]
[Date "2022.03.01"]
[WhiteClock "0:00:21"]
[BlackClock "0:00:32"]

1. d4 d5 2. c4 c6 3. Nc3 Nf6 4. Nf3 dxc4 5. a4 Bf5 6. e3 e6 7. Bxc4 Bb4 8. O-O O-O 9. Qe2 Bg6 10. Bd3 Nbd7 11. e4 Bh5 12. e5 Nd5 13. Nxd5 cxd5 14. Qe3 Re8 15. Ng5 Bg6 16. Bxg6 fxg6 17. Bd2 Bxd2 18. Qxd2 h6 19. Nf3 g5 20. Rfc1 a5 21. Ra3 Nf8 22. Qd3 Qd7 23. h3 Qf7 24. Rac3 Re7 25. Rc8 Rxc8 26. Rxc8 Rc7 27. Rxc7 Qxc7 28. Qc3 Qxc3 29. bxc3 Nd7 30. Nd2 Nb6 31. Nb3 Nxa4 32. Nxa5 b5 33. Nc6 Nxc3 34. Kf1 Kf7 35. Ke1 Ke8 36. f3 Kd7 37. Nb4 Na4 38. Kd2 Nb6 39. Nd3 Nc4+ 40. Kc3 Ne3 41. Nc5+ Ke7 42. g3 Nf1 43. f4 Nxg3 44. fxg5 Ne4+ 45. Kb4 Nxg5 46. h4 Nf3 47. h5 Nxd4 0-1


[Site "https://www.chess.com"]

[Event "Titled Tuesday Blitz March 01 Early 2022"]
[White "Csonka, Balazs"]
[Black "Sarkar, Justin"]
[WhiteFideId "742910"]
[BlackFideId "2010011"]
[WhiteElo "2404"]
[BlackElo "2038"]
[Result "1-0"]
[Round "01"]
[TimeControl "180+1"]
[Date "2022.03.01"]
[WhiteClock "0:00:13"]
[BlackClock "0:00:01"]

1. d4 Nf6 2. c4 e6 3. Nc3 Bb4 4. e3 O-O 5. Ne2 c6 6. a3 Ba5 7. Qc2 d5 8. Ng3 Nbd7 9. Bd2 dxc4 10. Bxc4 e5 11. O-O exd4 12. exd4 Nb6 13. Ba2 Nbd5 14. Rad1 Bg4 15. f3 Be6 16. Bb1 g6 17. Kh1 Nxc3 18. bxc3 Bc4 19. Rfe1 Nd5 20. Ne4 Bc7 21. Bg5 f6 22. Bh4 Qd7 23. Nc5 Qg7 24. Ne6 Qh6 25. Nxc7 Nxc7 26. Bg3 Nd5 27. Ba2 Bxa2 28. Qxa2 Rf7 29. Rd3 Kg7 30. c4 Nf4 31. Rde3 Qg5 32. Re7 Rf8 33. Qd2 Nh5 34. Qxg5 fxg5 35. Bd6 1-0


[Site "https://www.chess.com"]

[Event "Titled Tuesday Blitz March 01 Early 2022"]
[White "De Silva, L M S T"]
[Black "Smith, Shreyas"]
[WhiteFideId "9953698"]
[BlackFideId "7400713"]
[WhiteElo "1631"]
[BlackElo "2129"]
[Result "1-0"]
[Round "01"]
[TimeControl "180+1"]
[Date "2022.03.01"]
[WhiteClock "0:01:32"]
[BlackClock "0:00:05"]

1. c4 c6 2. Nc3 d5 3. cxd5 cxd5 4. d4 Nf6 5. Bf4 Nc6 6. e3 a6 7. Nf3 Bg4 8. Be2 e6 9. O-O Be7 10. Rc1 O-O 11. a3 Nd7 12. Nd2 Bxe2 13. Qxe2 Rc8 14. Nb3 Na5 15. Nxa5 Qxa5 16. Rc2 Rc6 17. Rfc1 Rfc8 18. Qd3 Nb6 19. h3 Nc4 20. Nd1 Qe1+ 21. Kh2 Nd2 22. Nc3 Rxc3 23. bxc3 1-0


[Site "https://www.chess.com"]

[Event "Titled Tuesday Blitz March 01 Early 2022"]
[White "De Souza, Cristiano Gomes"]
[Black "Bodnaruk, Anastasia"]
[WhiteFideId "2151758"]
[BlackFideId "4181751"]
[WhiteElo "2068"]
[BlackElo "2393"]
[Result "0-1"]
[Round "01"]
[TimeControl "180+1"]
[Date "2022.03.01"]
[WhiteClock "0:00:44"]
[BlackClock "0:00:15"]

1. d4 Nf6 2. c4 g6 3. Nf3 Bg7 4. Nc3 O-O 5. e4 d6 6. Be2 e5 7. O-O Nc6 8. d5 Ne7 9. Be3 Ng4 10. Bg5 f6 11. Bh4 f5 12. Nd2 h5 13. h3 Nf6 14. Bg5 f4 15. Bf3 Nh7 16. Bxe7 Qxe7 17. b4 Ng5 18. Kh2 Nxf3+ 19. Qxf3 Qf7 20. g3 Qd7 21. Qg2 Bh6 22. Rad1 b6 23. Ne2 Kh7 24. Ng1 g5 25. f3 fxg3+ 26. Qxg3 g4 27. fxg4 Bf4 28. Rxf4 Rxf4 29. gxh5 Qg7 30. Qxg7+ Kxg7 31. Ndf3 Rxe4 32. Kg3 Rxc4 33. Ne2 Bf5 34. h4 Rxb4 35. Rc1 Rc8 36. Ng5 Rg4+ 37. Kf3 Rxh4 38. Ng3 Rf4+ 39. Ke3 Bg4 40. N3e4 Kh6 41. Ne6 Bxe6 42. dxe6 Re8 43. Rxc7 d5 44. Nd6 Rxe6 45. Nc8 d4+ 46. Kd3 e4+ 47. Kxd4 e3+ 48. Kd3 e2 49. Rc1 Rf1 0-1


[Site "https://www.chess.com"]

[Event "Titled Tuesday Blitz March 01 Early 2022"]
[White "De Souza Sa, Apolo"]
[Black "Jaferian, Koosha"]
[WhiteFideId "324225390"]
[BlackFideId "12507440"]
[WhiteElo "1828"]
[BlackElo "2027"]
[Result "0-1"]
[Round "01"]
[TimeControl "180+1"]
[Date "2022.03.01"]
[WhiteClock "0:01:07"]
[BlackClock "0:01:06"]

1. d4 Nf6 2. c4 e6 3. g3 d5 4. Bg2 Bb4+ 5. Nd2 O-O 6. Nf3 c6 7. O-O Nbd7 8. Qc2 b6 9. e4 dxe4 10. Nxe4 Nxe4 11. Qxe4 Bb7 12. Ne5 Nxe5 13. dxe5 Qc7 14. Bf4 Be7 15. Rfd1 Rab8 16. Qd3 Rfd8 17. Qc3 c5 18. Rxd8+ Rxd8 19. Bf3 Rd4 20. h4 Qd7 21. Bxb7 Qxb7 22. Be3 Rd7 23. Bf4 Qe4 24. Re1 Qf5 25. Qe3 Qc2 26. Re2 Qb1+ 27. Kh2 Qxa2 28. Rd2 Rxd2 29. Qxd2 Qxc4 30. Qd7 Bf8 31. Qd8 Qd4 32. Qxd4 cxd4 33. Kg2 Bc5 34. Kf3 Kf8 35. Ke4 Ke7 36. Kd3 Kd7 37. Kc4 Kc6 38. b4 b5+ 39. Kb3 Be7 0-1


[Site "https://www.chess.com"]

[Event "Titled Tuesday Blitz March 01 Early 2022"]
[White "Deac, Bogdan-Daniel"]
[Black "Rodchenkov, Sergey D."]
[WhiteFideId "1226380"]
[BlackFideId "4168712"]
[WhiteElo "2646"]
[BlackElo "2306"]
[Result "1-0"]
[Round "01"]
[TimeControl "180+1"]
[Date "2022.03.01"]
[WhiteClock "0:00:12"]
[BlackClock "0:00:07"]

1. e4 c5 2. Nf3 d6 3. d4 cxd4 4. Nxd4 Nf6 5. Nc3 a6 6. h3 e5 7. Nb3 Be7 8. g4 h6 9. Be3 Be6 10. Qf3 Nbd7 11. O-O-O Rc8 12. Nd5 Bxd5 13. exd5 Nb6 14. h4 Nfd7 15. g5 hxg5 16. hxg5 Rxh1 17. Qxh1 Nf8 18. Qh4 Ng6 19. Qg4 Nd7 20. Bh3 Rc7 21. Kb1 Qb8 22. Qb4 Ndf8 23. Nd2 Nf4 24. Bxf4 exf4 25. Ne4 Rc5 26. Nxc5 dxc5 27. Qa4+ Kd8 28. d6 Bxg5 29. Qa5+ b6 30. Qxa6 Ne6 31. Qc4 Bf6 32. Bxe6 fxe6 33. Qxe6 Qc8 34. Qg8+ Kd7 35. Qf7+ Kc6 36. d7 Qd8 37. Qd5+ Kc7 38. Qd6+ Kb7 39. a4 Ka6 40. Qc6 f3 41. Qb5+ Kb7 42. a5 Ka7 43. Qxb6+ Qxb6 44. axb6+ 1-0


[Site "https://www.chess.com"]

[Event "Titled Tuesday Blitz March 01 Early 2022"]
[White "Decuigniere, Tom"]
[Black "Gunina, Valentina"]
[WhiteFideId "26093820"]
[BlackFideId "4167570"]
[WhiteElo "1997"]
[BlackElo "2465"]
[Result "0-1"]
[Round "01"]
[TimeControl "180+1"]
[Date "2022.03.01"]
[WhiteClock "0:00:17"]
[BlackClock "0:00:54"]

1. e4 c6 2. d4 d5 3. Nc3 dxe4 4. Nxe4 Nf6 5. Nxf6+ exf6 6. Bc4 Bd6 7. Ne2 O-O 8. O-O Nd7 9. Bf4 Nb6 10. Bb3 Bg4 11. Qd2 Bxe2 12. Bxd6 Qxd6 13. Qxe2 Qxd4 14. c3 Qe5 15. Qf3 Rfe8 16. Rad1 Rad8 17. Bc2 Rxd1 18. Qxd1 g6 19. h3 Qe2 20. Qc1 Kg7 21. Bb3 Nc4 22. Qf4 Nxb2 23. Qd4 a6 24. Rb1 Re7 25. c4 Nd3 26. Bd1 Qe1+ 27. Kh2 Nxf2 28. Bc2 Qe2 29. Bb3 Qe5+ 30. Qxe5 fxe5 31. Bc2 e4 32. Re1 Rd7 33. Re2 Nd3 34. Rxe4 Nc5 35. Re8 Rd2 36. Bb3 Nxb3 37. axb3 Rd3 38. b4 Rb3 39. b5 axb5 40. cxb5 Rxb5 0-1


[Site "https://www.chess.com"]

[Event "Titled Tuesday Blitz March 01 Early 2022"]
[White "Demchenko, Anton"]
[Black "Dauner, Benedikt"]
[WhiteFideId "4160258"]
[BlackFideId "16225899"]
[WhiteElo "2539"]
[BlackElo "2230"]
[Result "1-0"]
[Round "01"]
[TimeControl "180+1"]
[Date "2022.03.01"]
[WhiteClock "0:00:10"]
[BlackClock "0:00:01"]

1. e4 e6 2. d4 d5 3. Nd2 Be7 4. Ngf3 Nf6 5. e5 Nfd7 6. c3 c5 7. Be2 b6 8. Nf1 Ba6 9. Bxa6 Nxa6 10. Ng3 Nc7 11. O-O c4 12. Qd2 O-O 13. Qf4 Re8 14. Qg4 Nf8 15. h4 f5 16. exf6 Bxf6 17. Nh5 Qe7 18. Re1 Qf7 19. Bf4 Rac8 20. Ne5 Bxe5 21. Bxe5 Ng6 22. Bxg7 Qf5 23. Qd1 Nxh4 24. Be5 Rf8 25. Qe2 Qg6 26. Ng3 Ne8 27. b3 cxb3 28. axb3 Rxc3 29. Rxa7 Rc2 30. Qe3 Rfxf2 31. Qxf2 Rxf2 32. Kxf2 Qc2+ 33. Re2 Qxb3 34. Ra8 Kf7 35. Kg1 Nf5 36. Rf2 Qd1+ 37. Kh2 Qg4 38. Nxf5 exf5 39. Rf4 Qh5+ 40. Kg1 Qd1+ 41. Rf1 Qd3 42. Ra7+ Ke6 43. Rxh7 Qe3+ 44. Kh1 Qe2 45. Rf3 b5 46. Rh6+ Kd7 47. Rh7+ Kc6 48. Ra3 Qd1+ 49. Kh2 b4 50. Ra6+ Kb5 51. Re6 Kc4 52. Rxe8 Qg4 53. Rc8+ Kd3 54. Rb8 Kc3 55. Bd6 b3 56. Rc7+ Kd2 57. Re7 Qh4+ 58. Kg1 Kc2 59. Re2+ Kc1 60. Rxb3 Qxd4+ 61. Kh2 Qh4+ 62. Rh3 Qg4 63. Rf2 Kd1 64. Bf4 Ke1 65. Rff3 d4 66. Bg3+ Ke2 67. Rf4 Qg6 68. Rxd4 Ke3 69. Rf4 Ke2 70. Rf3 Qe6 71. Rh4 Kd1 72. Rff4 Ke2 73. Rf2+ Ke3 74. Rf1 Ke2 75. Re1+ Kd3 76. Rxe6 f4 77. Rxf4 Kd2 78. Rf7 1-0


[Site "https://www.chess.com"]

[Event "Titled Tuesday Blitz March 01 Early 2022"]
[White "Derraugh, Geordie"]
[Black "Rustemov, Alexander"]
[WhiteFideId "2603950"]
[BlackFideId "4119002"]
[WhiteElo "2116"]
[BlackElo "2795"]
[Result "0-1"]
[Round "01"]
[TimeControl "180+1"]
[Date "2022.03.01"]
[WhiteClock "0:00:05"]
[BlackClock "0:00:19"]

1. e4 e6 2. d4 d5 3. Nc3 Bb4 4. Ne2 Nf6 5. e5 Nfd7 6. f4 Be7 7. Be3 b6 8. Qd2 c5 9. O-O-O Nc6 10. g4 Ba6 11. h4 Qc7 12. h5 O-O-O 13. Ng3 Bxf1 14. Rhxf1 a6 15. Rde1 Kb7 16. f5 cxd4 17. Bxd4 Ndxe5 18. fxe6 fxe6 19. Bxe5 Nxe5 20. Qe2 Bd6 21. Qg2 Rhe8 22. Nge2 Qc4 23. g5 Qg4 24. Qxg4 Nxg4 25. Nd4 Ne5 26. h6 gxh6 27. gxh6 Re7 28. Rf6 Rde8 29. Nf5 exf5 30. Rxd6 Nd3+ 31. cxd3 Rxe1+ 32. Kc2 R1e7 33. Nxd5 Rf7 34. Rxb6+ Ka7 35. Rb4 Rc8+ 36. Kd2 Rc6 37. Rh4 Rd6 38. Nf4 Rb7 39. b3 a5 40. Rh5 Rf6 41. Nd5 Rff7 42. Ne3 f4 43. Rxa5+ Kb8 44. Ng4 f3 45. Nf2 Rbe7 46. Rb5+ Ka7 47. Ng4 f2 48. Nxf2 Rxf2+ 49. Kc3 Rxa2 50. Rg5 Ra6 51. Rh5 Ree6 52. d4 Rxh6 53. Rg5 Rhg6 54. Rf5 Rac6+ 55. Kd3 Rcf6 56. Re5 Re6 57. Rc5 Kb6 58. b4 Rd6 59. Rh5 Rg3+ 60. Kc4 Rg4 61. Rxh7 Rdxd4+ 62. Kc3 Rc4+ 63. Kd3 Rxb4 64. Rh6+ Kb5 65. Rh5+ Ka4 66. Rh7 Rb3+ 67. Kc2 Rf3 68. Ra7+ Kb5 69. Rb7+ Kc6 70. Rb3 Rg2+ 71. Kc1 Rf1# 0-1


[Site "https://www.chess.com"]

[Event "Titled Tuesday Blitz March 01 Early 2022"]
[White "Djokic, Mihailo"]
[Black "Lopez Del Alamo, Antonio"]
[WhiteFideId "976440"]
[BlackFideId "2227339"]
[WhiteElo "2008"]
[BlackElo "2082"]
[Result "1-0"]
[Round "01"]
[TimeControl "180+1"]
[Date "2022.03.01"]
[WhiteClock "0:01:27"]
[BlackClock "0:00:30"]

1. e4 c5 2. Nf3 e6 3. d4 cxd4 4. Nxd4 Nf6 5. Nc3 Nc6 6. Ndb5 d6 7. Bf4 e5 8. Bg5 a6 9. Bxf6 gxf6 10. Na3 b5 11. Nd5 Bg7 12. c3 Ne7 13. Nxe7 Qxe7 14. Nc2 f5 15. a4 fxe4 16. axb5 f5 17. bxa6 O-O 18. Bc4+ Kh8 19. O-O f4 20. Qd5 Bf5 21. Nb4 f3 22. g3 Qg5 23. h4 Qg4 24. Rfe1 e3 25. Rxe3 e4 26. Nc6 Bh6 27. Qd4+ Bg7 28. Qxd6 Rf6 29. Qd5 Rh6 30. Nd4 Rxh4 31. Qxf5 1-0


[Site "https://www.chess.com"]

[Event "Titled Tuesday Blitz March 01 Early 2022"]
[White "Dolzhykova, Kateryna"]
[Black "Bryakin, Mikhail"]
[WhiteFideId "14113414"]
[BlackFideId "4165314"]
[WhiteElo "2165"]
[BlackElo "2421"]
[Result "0-1"]
[Round "01"]
[TimeControl "180+1"]
[Date "2022.03.01"]
[WhiteClock "0:00:07"]
[BlackClock "0:00:58"]

1. e4 e6 2. d3 d5 3. Nd2 c5 4. Ngf3 Nc6 5. g3 d4 6. Bg2 g6 7. O-O Bg7 8. Re1 e5 9. a4 Qc7 10. Nc4 Nge7 11. Qe2 O-O 12. b3 b6 13. Nh4 Bd7 14. f4 exf4 15. Bxf4 Ne5 16. Nf3 N7c6 17. Nfxe5 Nxe5 18. Rf1 Rae8 19. Rf2 Be6 20. Nxe5 Bxe5 21. Raf1 Kg7 22. Qd2 Bxf4 23. gxf4 f5 24. e5 Qd7 25. h4 Bd5 26. Bxd5 Qxd5 27. Rg2 Kf7 28. Qe2 Rg8 29. h5 Qc6 30. Rf3 gxh5 31. Rfg3 Rg4 32. Rxg4 hxg4 33. Rh2 h6 34. Qf2 Kg7 35. Qh4 Qg6 36. Kg2 a6 37. Kg3 Qc6 38. Rf2 b5 39. axb5 axb5 40. Qh5 Qg6 41. Qh4 Qc6 42. Qh5 Rf8 43. Rf1 c4 44. bxc4 bxc4 45. Qh4 cxd3 46. cxd3 Qc2 47. Qh1 Qxd3+ 48. Kh4 Rf7 49. Re1 Qd2 50. Rf1 d3 51. Qg1 Re7 52. Qf2 Qxf2+ 53. Rxf2 Rd7 54. Rd2 Kf7 55. Kg3 h5 56. Kh4 Ke6 57. Kxh5 g3 58. Kh4 g2 59. Rxg2 d2 60. Rg6+ Ke7 61. Rg7+ Kd8 62. Rg8+ Kc7 63. e6 d1=Q 64. exd7 Qh1+ 65. Kg5 Qg2+ 66. Kxf5 Qxg8 67. Kf6 Kxd7 68. f5 Ke8 0-1


[Site "https://www.chess.com"]

[Event "Titled Tuesday Blitz March 01 Early 2022"]
[White "Domingo Nunez, Alejandro"]
[Black "Kejzar, Petra"]
[WhiteFideId "22245561"]
[BlackFideId "14610213"]
[WhiteElo "2215"]
[BlackElo "2006"]
[Result "0-1"]
[Round "01"]
[TimeControl "180+1"]
[Date "2022.03.01"]
[WhiteClock "0:00:03"]
[BlackClock "0:00:11"]

1. Nf3 Nf6 2. g3 d5 3. Bg2 e6 4. O-O Be7 5. d3 O-O 6. Nbd2 c5 7. b3 Nc6 8. Bb2 b6 9. e4 Bb7 10. e5 Nd7 11. Re1 Qc7 12. Nf1 d4 13. Qe2 Nb4 14. h4 a5 15. N1h2 a4 16. h5 axb3 17. axb3 Rxa1 18. Bxa1 Ra8 19. h6 g6 20. Ng4 Ra2 21. Rc1 Bxf3 22. Qxf3 Bg5 23. Rf1 Nxc2 24. Qe4 Nxa1 25. f4 Be7 26. Rb1 Nc2 27. Qe2 Nb4 28. Qf3 Nd5 29. Nf2 Nc3 30. Re1 b5 31. g4 Nb6 32. f5 Nbd5 33. fxg6 hxg6 34. h7+ Kxh7 35. Qxf7+ Kh8 36. g5 Bxg5 37. Qxg6 Qg7 38. Qe8+ Kh7 39. Kh1 Qh6+ 40. Nh3 Bf4 41. Qf7+ Qg7 42. Qh5+ Kg8 43. Bf3 Qg3 0-1


[Site "https://www.chess.com"]

[Event "Titled Tuesday Blitz March 01 Early 2022"]
[White "Dovbnia, Nikita"]
[Black "Ooi, Zhi Yang"]
[WhiteFideId "54104599"]
[BlackFideId "5709270"]
[WhiteElo "2111"]
[BlackElo "1802"]
[Result "0-1"]
[Round "01"]
[TimeControl "180+1"]
[Date "2022.03.01"]
[WhiteClock "0:00:19"]
[BlackClock "0:01:08"]

1. Nf3 d5 2. d3 Nf6 3. g3 e6 4. Bg2 Be7 5. O-O O-O 6. c4 c6 7. Nc3 Nbd7 8. Qc2 b6 9. b3 Bb7 10. Bb2 Rc8 11. Rac1 dxc4 12. dxc4 Qc7 13. Rfd1 Rfd8 14. Rd2 Nc5 15. Rcd1 Rxd2 16. Rxd2 a5 17. e4 Rd8 18. e5 Nfd7 19. Ne4 Nxe4 20. Qxe4 c5 21. Qe2 Nf8 22. Rxd8 Qxd8 23. Qd2 Qa8 24. Ne1 Ng6 25. Qd7 Bxg2 26. Nxg2 a4 27. h4 axb3 28. axb3 h5 29. Qd3 Qa2 30. Qc2 Nxe5 31. Nf4 g6 32. Qc3 Bf6 33. Qc2 Nf3+ 34. Kg2 Ne1+ 0-1


[Site "https://www.chess.com"]

[Event "Titled Tuesday Blitz March 01 Early 2022"]
[White "Durarbayli, Vasif"]
[Black "Kuzmin, Roman"]
[WhiteFideId "13402935"]
[BlackFideId "44134932"]
[WhiteElo "2528"]
[BlackElo "1978"]
[Result "1-0"]
[Round "01"]
[TimeControl "180+1"]
[Date "2022.03.01"]
[WhiteClock "0:02:00"]
[BlackClock "0:01:06"]

1. e4 c5 2. Nf3 d6 3. d4 cxd4 4. Nxd4 Nf6 5. Nc3 a6 6. h4 e5 7. Nf5 d5 8. Qf3 Bb4 9. Nxg7+ Ke7 10. Bg5 Nd7 11. Nh5 1-0


[Site "https://www.chess.com"]

[Event "Titled Tuesday Blitz March 01 Early 2022"]
[White "Eynullayev, Atilla"]
[Black "San, Thit Lwin"]
[WhiteFideId "13413570"]
[BlackFideId "13001272"]
[WhiteElo "1979"]
[BlackElo "2232"]
[Result "1-0"]
[Round "01"]
[TimeControl "180+1"]
[Date "2022.03.01"]
[WhiteClock "0:00:32"]
[BlackClock "0:00:20"]

1. e4 Nf6 2. e5 Nd5 3. d4 d6 4. Nf3 Bg4 5. Be2 e6 6. Nbd2 Be7 7. h3 Bh5 8. O-O O-O 9. Ne4 Bg6 10. Ng3 Nc6 11. c3 dxe5 12. Nxe5 Nxe5 13. dxe5 Bc5 14. Kh2 Qh4 15. Qd2 h6 16. b4 Bb6 17. c4 Rad8 18. cxd5 Rxd5 19. Qf4 Qe7 20. Bb2 Rfd8 21. Rfd1 Bc2 22. Rxd5 Rxd5 23. Rc1 Bg6 24. Bf3 Rb5 25. a3 Bxf2 26. Ne4 Bh4 27. g3 Bxe4 28. Qxe4 Bxg3+ 29. Kxg3 Qg5+ 30. Kh2 Qd2+ 31. Qe2 Qf4+ 32. Kg2 Qg5+ 33. Kf1 a5 34. Qxb5 Qf5 35. Qe2 axb4 36. axb4 1-0


[Site "https://www.chess.com"]

[Event "Titled Tuesday Blitz March 01 Early 2022"]
[White "Fajdetic, Hrvoje"]
[Black "Cori T., Deysi"]
[WhiteFideId "14501945"]
[BlackFideId "3801934"]
[WhiteElo "2140"]
[BlackElo "2350"]
[Result "0-1"]
[Round "01"]
[TimeControl "180+1"]
[Date "2022.03.01"]
[WhiteClock "0:00:02"]
[BlackClock "0:01:10"]

1. d4 Nf6 2. Bf4 c5 3. e3 e6 4. Nd2 Nc6 5. c3 a6 6. a4 d5 7. Ngf3 Bd6 8. Ne5 Qc7 9. Ndf3 Nh5 10. Be2 Nxf4 11. exf4 f6 12. Nxc6 bxc6 13. g3 Rb8 14. O-O Rxb2 15. dxc5 Bxc5 16. c4 O-O 17. Rc1 Qb6 18. Ne1 Bd4 19. Nd3 Rb3 20. a5 Qb8 21. Kg2 Rd8 22. Bg4 dxc4 23. Rxc4 c5 24. Nxc5 Rb4 25. Rxb4 Qxb4 26. Nxe6 Bxe6 27. Bxe6+ Kh8 28. Qe2 Qxa5 29. Rd1 Qb6 30. Qe4 g6 0-1


[Site "https://www.chess.com"]

[Event "Titled Tuesday Blitz March 01 Early 2022"]
[White "Federzoni, Enzo"]
[Black "Kozak, Antoni"]
[WhiteFideId "2173301"]
[BlackFideId "21832030"]
[WhiteElo "1956"]
[BlackElo "2232"]
[Result "0-1"]
[Round "01"]
[TimeControl "180+1"]
[Date "2022.03.01"]
[WhiteClock "0:01:26"]
[BlackClock "0:01:36"]

1. e4 c6 2. Nc3 d5 3. Nf3 Bg4 4. d4 e6 5. h3 Bh5 6. Be2 Nf6 7. e5 Nfd7 8. g4 Bg6 9. Be3 c5 10. dxc5 Bxc5 11. Nb5 O-O 12. Bxc5 Nxc5 13. Nd6 Nc6 14. Nb5 Be4 15. Qd2 Bxf3 16. Bxf3 Nxe5 17. Be2 Ne4 18. Qe3 Qa5+ 19. c3 Nc6 20. O-O a6 21. Nd4 Nxd4 22. Qxd4 Qc5 23. Qd3 f5 24. gxf5 Rxf5 25. Bg4 Nxf2 26. Qe2 Nxg4+ 0-1


[Site "https://www.chess.com"]

[Event "Titled Tuesday Blitz March 01 Early 2022"]
[White "Fier, Alexandr"]
[Black "Rangel, Daniel"]
[WhiteFideId "2107139"]
[BlackFideId "2124475"]
[WhiteElo "2569"]
[BlackElo "2187"]
[Result "0-1"]
[Round "01"]
[TimeControl "180+1"]
[Date "2022.03.01"]
[WhiteClock "0:00:38"]
[BlackClock "0:00:12"]

1. d4 Nf6 2. Bf4 g6 3. e3 Bg7 4. Nc3 O-O 5. h4 h5 6. Nf3 d6 7. Be2 Nc6 8. d5 Nb4 9. Ng5 c6 10. dxc6 bxc6 11. Bf3 Rb8 12. Rb1 Nxa2 13. Nxa2 Qa5+ 14. Nc3 Rxb2 15. Qd2 Qxc3 16. Qxc3 Rxb1+ 17. Ke2 Ba6+ 18. Kd2 Ne4+ 19. Nxe4 Bxc3+ 20. Nxc3 Rxh1 21. Bxc6 Rf1 22. Bg3 Rc8 23. Bf3 e6 24. e4 Rd8 25. Nd1 d5 26. exd5 exd5 27. Be5 d4 28. Bf6 Rd6 29. Be5 Re6 30. Bxd4 Rd6 31. c3 Bb5 32. Ke3 a5 33. Nb2 a4 34. c4 Bd7 35. c5 Re6+ 36. Kd2 a3 37. Nd1 Ra6 38. Be2 Rxd1+ 39. Kxd1 Ra4 40. Ba1 a2 41. g3 Rb4 42. Kc2 Rb1 43. Bd4 a1=Q 44. Bxa1 Rxa1 45. Bc4 Ra8 46. Kd3 Bc6 47. Kd4 Rd8+ 48. Ke3 Kf8 49. f3 Ke7 50. Bb3 Bd7 51. Bd5 Be6 52. Be4 Bd5 53. Bc2 Ke6 54. g4 hxg4 55. fxg4 Rh8 56. Kf4 Rxh4 57. Ba4 Rh8 58. Ke3 Rc8 59. Kd4 f5 60. gxf5+ gxf5 61. Bd1 Bc6 62. Bb3+ Kf6 63. Bc2 Rd8+ 64. Ke3 Ke5 65. Bb3 f4+ 66. Kf2 Kd4 0-1


[Site "https://www.chess.com"]

[Event "Titled Tuesday Blitz March 01 Early 2022"]
[White "Freitag, Manfred"]
[Black "Kalajzic, Ivan"]
[WhiteFideId "1602004"]
[BlackFideId "14506378"]
[WhiteElo "2275"]
[BlackElo "2163"]
[Result "1-0"]
[Round "01"]
[TimeControl "180+1"]
[Date "2022.03.01"]
[WhiteClock "0:01:32"]
[BlackClock "0:01:14"]

1. e4 Nc6 2. Nf3 d6 3. d4 Bg4 4. Be3 Nf6 5. Nc3 a6 6. h3 Bxf3 7. Qxf3 e5 8. d5 Ne7 9. g4 Qd7 10. g5 Nfg8 11. h4 f5 12. gxf6 Nxf6 13. Bh3 Qd8 14. O-O-O Ng6 15. Be6 Be7 16. h5 Nf8 17. Bh3 N8d7 18. Rdg1 O-O 19. Bh6 Ne8 20. Qg2 Bf6 21. Bxg7 Bxg7 22. h6 Qf6 23. Bxd7 Qxf2 24. Qxf2 Rxf2 25. Bxe8 Rxe8 26. Rxg7+ Kh8 27. Rxc7 b5 28. a3 Rg8 29. Rc6 Rgg2 30. Rc8+ Rg8 31. Rc6 Rgg2 32. Nd1 Re2 33. Rf1 Rg8 34. Rxd6 Rxe4 35. Rxa6 Rf4 36. Rxf4 exf4 37. Rf6 b4 38. axb4 Ra8 39. Kd2 Rd8 40. c4 1-0


[Site "https://www.chess.com"]

[Event "Titled Tuesday Blitz March 01 Early 2022"]
[White "Funderburg, John T"]
[Black "Cremisi, Daniel"]
[WhiteFideId "2004992"]
[BlackFideId "2089882"]
[WhiteElo "2014"]
[BlackElo "2172"]
[Result "0-1"]
[Round "01"]
[TimeControl "180+1"]
[Date "2022.03.01"]
[WhiteClock "0:00:30"]
[BlackClock "0:02:05"]

1. e4 e6 2. d4 d5 3. Nd2 a6 4. Ngf3 Nf6 5. Bd3 c5 6. c3 Nc6 7. e5 Nd7 8. O-O g5 9. h3 h5 10. g4 hxg4 11. hxg4 Qb6 12. dxc5 Qc7 13. Nb3 Ndxe5 14. Re1 Nxf3+ 15. Qxf3 Qh2+ 16. Kf1 Ne5 17. Rxe5 Qxe5 18. Bd2 Be7 19. Re1 Qh2 20. Ke2 Bd7 21. Nd4 e5 22. Nf5 e4 23. Bxe4 dxe4 24. Qxe4 Bxf5 25. gxf5 Qh5+ 26. f3 O-O-O 0-1


[Site "https://www.chess.com"]